 Dungeon Crawl Stone Soup version 0.31.0-9-g3a7656b989 (webtiles) character file.

Game seed: 14490366258419037891

58 qw the Shooter (level 3, 0/20 HPs)
             Began as a Deep Elf Hunter on Feb 2, 2024.
             Slain by an orc wizard
             ... wielding a +0 dagger
              (4 damage)
             ... on level 3 of the Dungeon.
             The game lasted 00:00:04 (1420 turns).

qw the Shooter (Deep Elf Hunter)                    Turns: 1420, Time: 00:00:05

Health: 0/20       AC:  5    Str: 10    XL:     3   Next: 75%
Magic:  5/5        EV: 11    Int: 13    God:
Gold:   63         SH:  0    Dex: 18    Spells: 2/2 levels left

rFire   . . .        a - +2 shortbow
rCold   . . .        (shield currently unavailable)
rNeg    . . .        h - +0 ring mail
rPois   .            (no helmet)
rElec   .            (no cloak)
rCorr   .            (no gloves)
SInv    .            (no boots)
Will    .....        (no amulet)
Stlth   +            (no ring)
HPRegen 0.23/turn    (no ring)
MPRegen 0.09/turn

%: no passive effects
@: no status effects
A: no striking features
a: no special abilities


You were on level 3 of the Dungeon.
You visited 1 branch of the dungeon, and saw 3 of its levels.

You collected 63 gold pieces.


   Skills:
 - Level 1.5 Fighting
 + Level 7.2 Ranged Weapons
 - Level 2.4 Dodging
 - Level 1.2 Stealth


You had 2 spell levels left.
You didn't know any spells.
Your spell library was empty.

Inventory:

Hand Weapons
 a - a +2 shortbow (weapon)
Armour
 h - a +0 ring mail (worn)
Potions
 b - a potion of heal wounds {unknown}
 f - a potion of curing

Dungeon Overview and Level Annotations

Branches:
Dungeon (3/15)

Altars:


Message History

Waypoint 2 assigned to D:3.
b - a scroll of enchant weapon
1365 ||| READING scroll of enchant weapon.
1365 ||| ENCHANTING +1 shortbow.
Your +1 shortbow glows red for a moment.
b - a bubbling green potion An orc wizard comes into view.
It is wielding a +0 dagger.
The orc wizard shouts!
A quokka comes into view.
You shoot an arrow.
The arrow hits the quokka but does no damage.
An orc comes into view. It is wielding a +0 hand axe.
You shoot an arrow. The orc shouts!
The arrow hits the quokka.
The quokka is severely wounded.
You shoot an arrow. The arrow hits the orc wizard.
The orc wizard is moderately wounded.
You shoot an arrow. The arrow hits the quokka.
You kill the quokka!
You shoot an arrow. The arrow barely misses the orc.
You shoot an arrow. The arrow hits the orc!
You kill the orc!
The orc wizard casts a spell at you. The magic dart hits you!
You shoot an arrow. The arrow hits the orc wizard.
The orc wizard is heavily wounded.
The orc wizard casts a spell at you. The magic dart hits you!
You shoot an arrow.
The arrow hits the orc wizard but does no damage.
The orc wizard is heavily wounded.
You start resting.
An orc wizard is nearby!
You shoot an arrow. The arrow hits the orc wizard.
The orc wizard is severely wounded.
The orc wizard points at you and mumbles some strange words.
You resist with some effort.
The orc wizard hits you with a +0 dagger.
You die...

##################
#................#
#.##############.# #.#
#.# #.############ #@#
.................o......
#.#.##############.#.#.#
#.#........# .#
#.#.######.# #
#.#........#+## #
#.#.##........##.#
#....+...........#
###.##.........#


You could see an orc wizard.

Vanquished Creatures
  A ribbon worm (D:2)
  3 dart slugs
  An orc (D:3)
  7 endoplasms
  2 giant cockroaches (D:1)
  4 goblins
  3 hobgoblins (D:2)
  4 kobolds
  4 quokkas
  4 ball pythons
  4 bats
  A frilled lizard (D:1)
  7 rats
45 creatures vanquished.

Notes
Turn   | Place    | Note
-------+----------+-------------------------------------------
     0 | D:1      | qw the Deep Elf Hunter began the quest for the Orb.
     0 | D:1      | Reached XP level 1. HP: 12/12 MP: 3/3
     0 | D:1      | 0 ||| qw: Version: 0.3-a-155-g5e7d8dd
     0 | D:1      | 0 ||| qw: Game counter: 711
     0 | D:1      | 0 ||| qw: Melee chars always use a shield: true
     0 | D:1      | 0 ||| qw: God list: Okawaru
     0 | D:1      | 0 ||| qw: Allow faded altars: false
     0 | D:1      | 0 ||| qw: Do Orc after clearing Dungeon:15 true
     0 | D:1      | 0 ||| qw: Do second Lair branch before Depths: true
     0 | D:1      | 0 ||| qw: Lair rune preference: random
     0 | D:1      | 0 ||| qw: Goals: Normal
     0 | D:1      | 0 ||| PLANNING D:1-11
   114 | D:1      | Reached skill level 6 in Ranged Weapons
   114 | D:1      | Reached XP level 2. HP: 16/16 MP: 4/4
   481 | D:1      | 481 ||| UPGRADING to +0 ring mail.
   491 | D:1      | 491 ||| DROPPING +0 leather armour.
   492 | D:1      | 492 ||| DROPPING ring of wizardry.
   493 | D:1      | 493 ||| READING 2 scrolls labelled BEEREL ZETINT.
   494 | D:1      | 494 ||| DRINKING 2 fizzy grey potions.
   495 | D:1      | 495 ||| DROPPING scroll of butterflies.
   496 | D:1      | 496 ||| DROPPING scroll of noise.
   515 | D:2      | Reached XP level 3. HP: 20/20 MP: 5/5
   827 | D:2      | Reached skill level 7 in Ranged Weapons
  1352 | D:2      | 1352 ||| READING scroll labelled GEPEIV SEMY.
  1352 | D:2      | 1352 ||| ENCHANTING +0 shortbow.
  1353 | D:2      | 1353 ||| READING scroll labelled VENIUT EHUIRGH.
  1353 | D:2      | 1353 ||| IDENTIFYING sedimented blue potion
  1354 | D:2      | 1354 ||| DROPPING potion of degeneration.
  1365 | D:3      | 1365 ||| READING scroll of enchant weapon.
  1365 | D:3      | 1365 ||| ENCHANTING +1 shortbow.
  1417 | D:3      | HP: 3/20 [orc wizard/magic dart (8)]
  1420 | D:3      | Slain by an orc wizard

Levels and vault maps discovered:
D:1:      amcnicky_arrival_double_pillar, layout_rooms, minivault_19
D:2:      layout_loops_corners, kennysheep_big_empty_room
D:3:      layout_basic, dilly_guarded_unrand_throatcut, uniq_crazy_yiuf_cottage,
          uniq_grinder

Skill      XL: |  1  2  3 |
---------------+----------+-----
Ranged Weapons | 6 7 |  7.2
Fighting       | |  1.5
Dodging        | |  2.4
Stealth        | |  1.2

Action                     || total
---------------------------++-------
   Fire: Shortbow          ||   114
    Use: Scroll            ||     4
         Potion            ||     1
 Armour: Leather armour    ||     8
         Ring mail         ||    11
  Dodge: Dodged            ||    18

Table legend:
 A = Non-vault XP
 B = Vault XP
 C = Vault XP percentage of total XP
 D = Non-vault monster count
 E = Vault monster count
 F = Vault count percentage of total count
                 A         B        C        D         E       F
            +---------+---------+-------+---------+---------+-------
      Total |      83 |       0 |   0.0 |      45 |       0 |   0.0
            +---------+---------+-------+---------+---------+-------
        D:1 |      38 |       0 |   0.0 |      23 |       0 |   0.0
        D:2 |      40 |       0 |   0.0 |      20 |       0 |   0.0
        D:3 |       5 |       0 |   0.0 |       2 |       0 |   0.0
            +---------+---------+-------+---------+---------+-------
